 Dungeon Sprint DCSS version 0.21-a0-264-g3e31e41 (webtiles) character file.

25 terra52 the Scratcher (level 2, -6/15 HPs)
             Began as a Felid Fighter on Sept 8, 2017.
             Mangled by an ogre
             ... wielding a +0 giant club
              (11 damage)
             ... in the Dungeon (Sprint I: "Red Sonja").
             The game lasted 00:00:09 (15 turns).

terra52 the Scratcher (Felid Fighter)                 Turns: 15, Time: 00:00:10

Health: -6/15      AC:  1    Str: 17    XL:     2   Next: 82%
Magic:  3/3        EV: 20    Int:  9    God:
Gold:   0          SH:  0    Dex: 15    Spells: 1/1 levels left
                                        Lives:  0   Deaths: 0

rFire    . . .     SeeInvis +     - Unarmed
rCold    . . .     Gourm    .   (shield unavailable)
rNeg     . . .     Faith    .   (armour unavailable)
rPois    .         Spirit   .   (helmet unavailable)
rElec    .         Reflect  .   (cloak unavailable)
rCorr    .         Harm     .   (gloves unavailable)
MR       .....     NoTele   +   (boots unavailable)
Stlth    ++........             (no amulet)
HPRegen  0.05/turn              (no ring)
MPRegen  0.08/turn              (no ring)

@: mighty, quick
A: no armour, no weapons or thrown items, stealth, claws 1, fangs 3, see
invisible, carnivore 3, speed 1, shaggy fur 1, slow metabolism 1, sharp paws
a: no special abilities


You were in the Dungeon.
You were not hungry.

You visited 1 branch

Inventory:

Wands
 a - a wand of random effects (37/48)
Scrolls
 h - a scroll of blinking
Potions
 c - a potion of curing
 d - a potion of heal wounds
 e - a potion of haste
 f - 2 potions of magic
 g - a potion of berserk rage
Comestibles
 b - a meat ration


   Skills:
 + Level 3.8 Fighting
 + Level 5.3 Dodging
 + Level 1.3 Stealth
 + Level 5.9 Unarmed Combat


You had one spell level left.
You didn't know any spells.

Dungeon Overview and Level Annotations

Branches:
Dungeon (1/1)

Altars:


Innate Abilities, Weirdness & Mutations

You cannot wear armour.
You are incapable of wielding weapons or throwing items.
Your paws allow you to move quietly. (Stealth)
You have sharp claws.
You have razor-sharp teeth.
You have supernaturally acute eyesight. (SInv)
You are carnivorous and can eat meat at any time.
You cover ground quickly.
You are covered in fur. (AC +1)
You have a slow metabolism.
Your sharp claws are effective at attacking unaware monsters.


Message History

Ijyb is severely wounded.
Ijyb barely misses you.
You scratch Ijyb but do no damage.
Ijyb is severely wounded.
Ijyb completely misses you.
You claw Ijyb!
You kill Ijyb!
Your Dodging skill increases to level 5!
Your Stealth skill increases to level 1!
Your Unarmed Combat skill increases to level 5!
You have reached level 2!
a - a wand of random effects (?/48)
Things that are here:
a club; a chain mail; the goblin corpse of Ijyb You open the door.
An ogre comes into view. It is wielding a giant club.
The ogre shouts!
The ogre hits you with a giant club!
Ouch! That really hurt!
You die...

##########
#<.#.)@O.#
#..'..#..+
#..#####+#
#..# #..#
#..# #⌠⌠#
####


You could see an ogre.

Vanquished Creatures
  Ijyb (D)
1 creature vanquished.

Notes
Turn   | Place    | Note
-------+----------+-------------------------------------------
     0 | D        | terra52 the Felid Fighter began the quest for the Orb.
     0 | D        | Reached XP level 1. HP: 10/10 MP: 2/2
     3 | D        | Noticed Ijyb
    11 | D        | Killed Ijyb
    11 | D        | Reached skill level 5 in Dodging
    11 | D        | Reached skill level 1 in Stealth
    11 | D        | Reached skill level 5 in Unarmed Combat
    11 | D        | Reached XP level 2. HP: 4/15 MP: 3/3
    14 | D        | Noticed an ogre
    15 | D        | Mangled by an ogre

Vault maps used:
D:        dungeon_sprint_1

Skill      XL: |  1 |
---------------+----+-----
Dodging        | 5 |  5.3
Stealth        | 1 |  1.3
Unarmed Combat | 5 |  5.9
Fighting       | |  3.8

Action                   || total
-------------------------++-------
Melee: Unarmed           ||     7
       Bite              ||     1
  Use: Potion            ||     1
 Stab: Sleeping          ||     1
Dodge: Dodged            ||     3

Table legend:
 A = Spawn XP
 B = Non-spawn XP
 C = Spawn XP percentage of total XP
 D = Spawn monster count
 E = Non-spawn monster count
 F = Spawn count percentage of total count
 G = Total turns spent on level
                    A         B        C        D         E        F      G
               +---------+---------+-------+---------+---------+-------+---------
         Total |       0 |      36 |   0.0 |       0 |       1 |   0.0 |    15
               +---------+---------+-------+---------+---------+-------+---------
             D |       0 |      36 |   0.0 |       0 |       1 |   0.0 |    15
               +---------+---------+-------+---------+---------+-------+---------
